 Dungeon Crawl Stone Soup version 0.16.2-2-g470672f (webtiles) character file.

770 CrazyArbalest the Bolt Thrower (level 7, -4/57 HPs)
             Began as a Centaur Hunter on Aug 21, 2015.
             Slain by Prince Ribbit (14 damage)
             ... on level 4 of the Dungeon.
             The game lasted 00:22:18 (5634 turns).

CrazyArbalest the Bolt Thrower (Centaur Hunter)     Turns: 5634, Time: 00:22:18

Health: -4/57      AC:  7    Str: 15    XL:     7   Next: 53%
Magic:  5/5        EV:  9    Int: 10    God:
Gold:   132        SH:  0    Dex: 11    Spells: 0 memorised, 6 levels left

rFire  . . .     SeeInvis .     a - +0 mace
rCold  . . .     Clarity  .     e - +1 ring mail
rNeg   . . .     SustAb   .     (no shield)
rPois  .         Gourm    .     (no helmet)
rElec  .         Spirit   .     (no cloak)
rCorr  .         Warding  .     (no gloves)
rMut   .         Stasis   .     (no barding)
MR     .....                    (no amulet)
Stlth  ..........               (no ring)
                                (no ring)

@: very quick, not resistant to hostile enchantments, extremely unstealthy
A: hooves 3, deformed body, speed 2, tough skin 3
a: no special abilities


You were on level 4 of the Dungeon.
You were hungry.

You visited 1 branch of the dungeon, and saw 4 of its levels.
You also visited: Sewer.

You collected 132 gold pieces.

Inventory:

Hand weapons
 a - a +0 mace (weapon)
 b - a +1 hand crossbow
 k - a cursed -3 whip
 r - a +0 whip
 y - a +0 flail
 C - a +0 whip
Missiles
 c - 3 bolts
Armour
 d - a +0 leather armour
 e - a +1 ring mail (worn)
Jewellery
 j - an uncursed ring of teleportation
 A - an uncursed amulet of faith {unknown}
 B - a cursed amulet of inaccuracy {unknown}
 D - an uncursed amulet of the gourmand {unknown}
Scrolls
 h - 3 scrolls of enchant armour
 m - 2 scrolls of random uselessness {unknown}
 n - a scroll of enchant weapon {unknown}
 o - 2 scrolls of remove curse
 p - a scroll of fear {unknown}
 s - 3 scrolls of identify {unknown}
 F - a scroll of magic mapping {unknown}
Potions
 i - a potion of brilliance {unknown}
 l - 2 potions of heal wounds {unknown}
 q - 3 potions of curing {unknown}
 t - a potion of magic {unknown}
 u - 3 potions of flight {unknown}
 v - a potion of haste {unknown}
 w - a potion of invisibility {unknown}
 E - 2 potions of agility {unknown}
Comestibles
 f - 2 bread rations
 g - a beef jerky
 x - a meat ration
 z - 3 chunks of flesh


   Skills:
 + Level 3.5 Fighting
 + Level 2.0 Maces & Flails
 * Level 7.2 Crossbows
 + Level 2.7 Armour
 + Level 2.9 Dodging
 + Level 0.5 Stealth


You had 6 spell levels left.
You didn't know any spells.

Dungeon Overview and Level Annotations

Branches:
Dungeon (4/15)
 Temple: D:4-7

Altars:
Kikubaaqudgha
The Shining One

Annotations:
D:4 Prince Ribbit


Innate Abilities, Weirdness & Mutations

You have hooves in place of feet.
Armour fits poorly on your strangely shaped body.
You cover ground very quickly.
You have extremely tough skin (AC +3).


Message History

Prince Ribbit hits you!
* * * LOW HITPOINT WARNING * * *
Prince Ribbit blinks!
Prince Ribbit blinks!
Found a scroll labeled TONER SCHUEFU.
An orc comes into view. It is wielding a dagger.
The orc shouts!
You are feeling hungry.
A worm comes into view.
You see here a scroll labeled TONER SCHUEFU.
F - a scroll labeled TONER SCHUEFU
Found 4 gold pieces.
The giant gecko closely misses you.
Prince Ribbit blinks!
The giant gecko bites you but does no damage.
You see here 4 gold pieces.
You open the door.
Prince Ribbit blinks!
There is an open door here.
Prince Ribbit hops awkwardly around.
Prince Ribbit hits you!
You die...

######. #...#.# #.#...... .......
#####l# #........ ####### #.....#
###...... ....... #.##### +......
########### #.# #......
..........#######l## ############
.......##.##.......# #..........#
........#.##....F..###..........#
........#.##....@................
##...##.#.##.....................
##...##.#.#######................
##...##.#........................
##<.....##########...............
##..<#############....##########.
.....'...........'....# #...
##...#############....# #.#.
.......# #....# ...#.


You could see Prince Ribbit and a giant gecko.

Vanquished Creatures
  A phantom (D:4)
  2 ogres (D:4)
  Sigmund (D:2)
  A big kobold (Sewer)
  A giant frog (D:4)
  A hound (D:4)
  An orc wizard (D:3)
  2 orc priests (D:3)
  4 adders
  A gnoll (D:1)
  2 river rats (Sewer)
  3 giant mites
  A worm (D:3)
  5 giant geckos
  9 orcs
  3 ball pythons
  5 giant cockroaches
  8 hobgoblins
  13 kobolds
  5 bats
  4 giant newts
  3 goblins
  8 rats
84 creatures vanquished.

Notes
Turn   | Place    | Note
--------------------------------------------------------------
     0 | D:1      | CrazyArbalest, the Centaur Hunter, began the quest for the Orb.
     0 | D:1      | Reached XP level 1. HP: 17/17 MP: 1/1
    17 | D:1      | Reached XP level 2. HP: 18/24 MP: 2/2
   103 | D:1      | Reached skill level 5 in Crossbows
  1093 | D:1      | You fall through a shaft!
  1117 | D:2      | Reached XP level 3. HP: 25/29 MP: 3/3
  1295 | D:2      | Noticed Sigmund
  1317 | D:2      | Killed Sigmund
  1317 | D:2      | Reached skill level 1 in Maces & Flails
  1317 | D:2      | Reached skill level 6 in Crossbows
  1317 | D:2      | Reached XP level 4. HP: 7/36 MP: 3/3
  1658 | D:2      | Found a glowing golden altar of the Shining One.
  1828 | D:2      | Found an ancient bone altar of Kikubaaqudgha.
  2266 | D:3      | Reached XP level 5. HP: 39/41 MP: 4/4
  2321 | D:3      | Found a glowing drain.
  2409 | Sewer    | Entered a sewer
  2425 | Sewer    | Reached skill level 1 in Armour
  2870 | Sewer    | Found a white marble altar of Elyvilon.
  3410 | D:3      | Reached XP level 6. HP: 46/50 MP: 5/5
  4873 | D:4      | Reached skill level 7 in Crossbows
  4927 | D:4      | Reached XP level 7. HP: 29/57 MP: 5/5
  5428 | D:4      | Noticed Prince Ribbit
  5634 | D:4      | Slain by Prince Ribbit

Action                   |  1- 3 |  4- 6 |  7- 9 || total
-------------------------+-------+-------+-------++-------
Melee: Short sword       |     4 |       |       ||     4
       Whip              |    71 |       |       ||    71
       Mace              |     1 |   219 |     8 ||   228
       Flail             |       |     4 |    52 ||    56
 Fire: Hand crossbow     |    16 |    26 |    10 ||    52
  Use: Scroll            |       |     2 |       ||     2
  Eat: Chunk             |     1 |     9 |     2 ||    12
